AoeStats
← Horny

Fortress

510611350Analyzed
1v1 RM · 1d ago on Oct 1, 2026· 31m 8s· 2 players
Game mode
Random Map
Map size
Small (3 player)
Population
200
Speed
Normal
Resources
Standard
Victory
Conquest
Starting age
Dark Age
Ending age
Imperial Age
RankedLock teamsTeams togetherTeam positionsShared explorationLock speedFull tech treeHidden civsTurbo modeCheats
Victory
Defeat
🇸🇮 Mongols · Slovenia
1268
+17
🇹🇷 Inca · Türkiye
1296
-17
Horny
9:22 Feudal Age
10:38 Horse Collar
11:19 Double-Bit Axe
13:51 Castle Age
12:08 Gold Mining
12:12 Fletching
13:44 Wheelbarrow
12:57 Town Watch
13:26 Padded Archer Armor
15:18 Bow Saw
15:54 Heavy Plow
16:14 Loom
16:31 Loom
19:17 Stone Mining
21:14 Ballistics
23:03 Bodkin Arrow
26:44 Gold Shaft Mining
29:42 Imperial Age
27:25 Husbandry
29:55 Hand Cart
29:41 Town Patrol
30:58 Elite Mangudai
Crownda Buffalo siken KURT
6:00 Feudal Age
11:41 Castle Age
10:16 Forging
11:21 Double-Bit Axe
12:18 Champi Runner
13:47 Squires
13:39 Champi Warrior
15:10 Scale Mail Armor
16:51 Iron Casting
17:08 Chain Mail Armor
17:08 Arson
Connection lost

Rejoining the realm…

Still unreachable

The connection could not be restored.

Session expired

The server has moved on; the page needs a fresh start.